 Dungeon Crawl Stone Soup version 0.19-a0-4-ga5c5ac4 (webtiles) character file.

130501 Icer the Blocker (level 16, -1/219 HPs)
             Began as a Minotaur Fighter on Apr 28, 2016.
             Was a High Priest of the Shining One.
             Killed from afar by a deep elf mage (10 damage)
             ... with a bolt of cold
             ... on level 1 of the Elven Halls.
             The game lasted 05:01:11 (22960 turns).

Icer the Blocker (Minotaur Fighter)                Turns: 22960, Time: 05:01:12

Health: -1/219     AC: 33    Str: 37    XL:     16   Next: 53%
Magic:  21/23      EV:  2    Int:  5    God:    the Shining One [*****.]
Gold:   750        SH: 25    Dex: 10    Spells: 0 memorised, 15 levels left

rFire  + . .     SeeInvis .     b - +9 flail (protect)
rCold  + . .     Gourm    .     (armour currently unavailable)
rNeg   + + +     Faith    .     c - +0 shield
rPois  +         Spirit   .     (helmet currently unavailable)
rElec  +         Dismiss  .     (cloak currently unavailable)
rCorr  +         Reflect  .     (gloves currently unavailable)
SustAt .         Harm     .     (boots currently unavailable)
MR     +....     NoTele   +     z - amulet of regeneration
Stlth  +.........               n - ring of resist corrosion
                                T - +4 ring of strength

@: mighty, exhausted, divine shield, tree-form, resistant, very slightly
contaminated, hasted and slowed, glowing, somewhat resistant to hostile
enchantments, very unstealthy
A: (retaliatory headbutt), (horns 0)
a: Divine Shield, Cleansing Flame, Summon Divine Warrior, Renounce Religion


You were on level 1 of the Elven Halls.
You worshipped the Shining One.
The Shining One was extremely pleased with you.
You were not hungry.
You were a tree.
You visited 4 branches of the dungeon, and saw 24 of its levels.
You also visited: Bailey and Volcano.

You collected 2404 gold pieces.
You spent 1654 gold pieces at shops.

Inventory:

Hand Weapons
 b - a +9 flail of protection (weapon)
Missiles
 B - 4 silver javelins (quivered)
 R - 2 throwing nets
Armour
 c - a +0 shield (worn)
 o - an ice dragon hide
 w - a +1 buckler of fire resistance
 y - the +11 scale mail of Restlessness {rC+ rN+ Regen+}
   (You found it on level 4 of the Lair of Beasts)

   It protects you from cold.
   It protects you from negative energy.
   It increases your rate of regeneration.
 E - a +2 pair of gloves (melded)
 M - the +3 plate armour of Pathos (melded) {MR+ Dex+5}
   (You bought it in a shop on level 2 of the Orcish Mines)

   It affects your dexterity (+5).
   It affects your resistance to hostile enchantments.
 S - a +2 pair of boots (melded)
 U - a +4 plate armour
 W - a +2 cloak (melded)
 X - a +2 hat (melded)
Jewellery
 a - an uncursed ring of see invisible
 n - a ring of resist corrosion (right branch)
 x - an uncursed ring of ice
 z - an amulet of regeneration (around neck)
 J - an uncursed amulet of faith
 K - an uncursed ring of fire
 T - a +4 ring of strength (left branch)
Wands
 s - a wand of lightning (4/15)
 v - a wand of confusion (27/48)
 C - a wand of polymorph (7/24)
 G - a wand of flame (28/48)
 L - a wand of teleportation (2/9)
 Q - a wand of paralysis (9/24)
 V - a wand of digging (5/24)
 Y - a wand of iceblast (9/15)
Scrolls
 e - 5 scrolls of identify
 g - 2 scrolls of magic mapping
 h - 10 scrolls of remove curse
 i - a scroll of blinking
 r - 5 scrolls of teleportation
 u - 2 scrolls of summoning
 F - a scroll of silence
 H - a scroll of enchant armour
 P - 2 scrolls of recharging
 Z - 2 scrolls of fear
Potions
 d - 3 potions of might
 k - 2 potions of berserk rage
 m - 5 potions of lignification
 A - a potion of curing
 I - a potion of magic
 O - 3 potions of flight
Miscellaneous
 j - a phial of floods
 D - a fan of gales (inert)
Comestibles
 f - 3 bread rations
 l - 13 fruits
 t - 6 royal jellies


   Skills:
 - Level 14.2 Fighting
 - Level 14.1 Maces & Flails
 - Level 14.2 Armour
 * Level 13.9 Dodging
 - Level 14.5 Shields
 * Level 10.7 Invocations


You had 15 spell levels left.
You didn't know any spells.

Dungeon Overview and Level Annotations

Branches:
Dungeon (13/15)            Temple (0/1) D:7            Lair (8/8) D:11
  Swamp (0/4) Lair:6       Spider (0/4) Lair:5        Slime (0/6) Lair:7
    Orc (2/2) D:12            Elf (1/3) Orc:2
 Vaults: D:13-14

Altars:
Dithmenos
Gozag
Kikubaaqudgha
Makhleb
Qazlal
Trog
Vehumet
Yredelemnul
Zin
The Shining One
Beogh
Jiyva

Shops:
D:7 !   D:8 [!?(   D:11 !   Orc:2 (*[[

Annotations:
D:8 ArtifactMorningstar
D:11 exclusion: ice statue


Innate Abilities, Weirdness & Mutations

((You reflexively headbutt those who attack you in melee.))
((You have a pair of horns on your head.))


Message History

The deep elf mage hits you but does no damage.
The orc sorcerer mumbles some strange words.
You block the deep elf knight's attack.
The ice beast hits you but does no damage.
The glaive of flaming hits you from afar!
* * * LOW HITPOINT WARNING * * *
The glaive of flaming burns you.
* * * LOW HITPOINT WARNING * * *
You bludgeon the deep elf mage!!
The deep elf mage is heavily wounded.
Your air elemental hits the deep elf knight!
The hand axe of electrocution hits you but does no damage.
Your air elemental hits the deep elf knight!
You block the ice beast's attack.
The deep elf knight gestures at your air elemental while chanting.
The stone arrow hits your air elemental.
The deep elf mage points at you and mumbles some strange words.
Helpless, you fail to dodge the bolt of cold.
You resist.
You die...

#.##....#)
.......#.###.###.....#(.
..........#..##.....)#).
................###.#)(.
.............###....#...
$.........###....#.#####
....>....#....###.##
..$...eE)#...###.##
..!..§Y♣e#..#(#.##
...3..Y(#...##.##
.....(o?#...##.#
e.......#......#
....#..#....####
....#.!#..... ...
...#.....# ..
#.........# .##....#.


You could see a sun demon, a deep elf archer, a deep elf knight, a deep elf
mage, an orc sorcerer, 2 ice beasts, 2 dancing weapons and a friendly air
elemental.

Vanquished Creatures
  Frances (Elf:1)
  Gastronok (Lair:3)
  Maud (Lair:7)
  Donald (Orc:2)
  2 stone giants
  Azrael (Elf:1)
  Nessos (Lair:7)
  3 hydras
  The ghost of tyvek the Cleaver, a journeyman FoFi of Okawaru (Bailey)
  Fannar (Orc:1)
  2 ogre magi (Orc:2)
  A centaur warrior (D:13)
  9 death yaks
  A tengu warrior (D:11)
  Urug (Lair:1)
  3 deep elf knights (Elf:1)
  A fire crab (Lair:6)
  2 deep trolls (Orc:2)
  4 unseen horrors
  4 hill giants
  A deep elf archer (Elf:1)
  9 deep elf magi
  8 orc knights
  5 orc sorcerers
  A griffon (Lair:8)
  2 ugly things
  3 cyclopes
  Maurice (D:11)
  An ice statue (Lair:2)
  6 elephants (Lair:7)
  A torpor snail (Lair:6)
  7 black mambas
  12 spiny frogs
  A gargoyle (D:12)
  14 komodo dragons
  3 rime drakes
  An efreet (Volcano)
  2 tengu conjurers (D:13)
  11 trolls
  An ice devil (Lair:2)
  3 jumping spiders (Lair:5)
  11 polar bears
  Grinder (D:4)
  7 two-headed ogres
  A slime creature (D:13)
  16 blink frogs
  A boulder beetle (Lair:4)
  11 redbacks (Lair:8)
  4 wyverns
  11 spriggans (Lair:8)
  60 yaks
  2 wraiths
  4 fire elementals
  7 hippogriffs
  4 basilisks
  A steam dragon (D:11)
  A hungry ghost (D:9)
  6 vampire mosquitoes (Lair:6)
  Grum (Lair:1)
  2 wargs (Orc:1)
  A hell hound (Elf:1)
  11 water moccasins
  8 porcupines
  22 orc warriors
  6 sky beasts
  4 wasps (Lair:8)
  10 black bears
  7 ice beasts
  3 phantoms
  25 ogres
  33 wolves
  6 centaurs
  12 crocodiles
  17 giant frogs
  5 big kobolds
  2 wyvern zombies
  A gnoll sergeant (Orc:1)
  4 scorpions
  5 killer bees (D:13)
  4 wights (D:6)
  4 electric eels
  2 spriggan skeletons (D:9)
  8 howler monkeys
  8 crimson imps
  A lava snake (Orc:2)
  A centaur zombie (D:6)
  2 giant frog zombies
  8 hounds
  2 jellies
  6 centaur skeletons
  14 orc priests
  3 giant frog skeletons
  13 orc wizards
  12 iguanas
  11 worker ants
  15 sheep
  A hound zombie (D:7)
  A hound skeleton (D:10)
  A worker ant zombie (D:8)
  9 adders
  8 gnolls
  22 river rats
  4 shadow imps
  3 white imps (Lair:2)
  An adder skeleton (D:7)
  3 worms
  3 dart slugs
  6 giant geckos
  82 orcs
  A ball python (D:2)
  9 bats
  5 giant cockroaches
  8 hobgoblins
  4 jackals (D:1)
  A quokka (D:5)
  2 giant gecko zombies
  5 giant newts
  10 goblins
  36 kobolds
  11 rats
  2 fire vortices (Volcano)
  2 fungi
  A plant (Lair:5)
822 creatures vanquished.

Vanquished Creatures (collateral kills)
  A fire elemental (Elf:1)
1 creature vanquished.

Vanquished Creatures (others)
  A dancing weapon (Elf:1)
  A fire elemental (Elf:1)
  A hell hound (Elf:1)
  8 fungi
  3 plants
14 creatures vanquished.

Grand Total: 837 creatures vanquished

Notes
Turn   | Place    | Note
--------------------------------------------------------------
     0 | D:1      | Icer the Minotaur Fighter began the quest for the Orb.
     0 | D:1      | Reached XP level 1. HP: 19/19 MP: 0/0
   111 | D:1      | Reached XP level 2. HP: 4/27 MP: 1/1
   761 | D:1      | Reached XP level 3. HP: 33/33 MP: 2/2
  1158 | D:2      | Found a faded altar to an unknown god.
  1165 | D:2      | Became a worshipper of Vehumet
  1165 | D:2      | Reached * piety under Vehumet
  1165 | D:2      | Offered knowledge of Freeze by Vehumet.
  1169 | D:2      | Fell from the grace of Vehumet
  1422 | D:2      | Reached XP level 4. HP: 37/40 MP: 3/3
  2522 | D:3      | Reached skill level 5 in Armour
  2539 | D:3      | Found a burning altar of Makhleb.
  2543 | D:3      | Found a glowing silver altar of Zin.
  2544 | D:3      | Found an ancient bone altar of Kikubaaqudgha.
  2545 | D:3      | Found a shadowy altar of Dithmenos.
  2550 | D:3      | Found a stormy altar of Qazlal.
  2551 | D:3      | Found a glowing golden altar of the Shining One.
  2570 | D:3      | Found an opulent altar of Gozag.
  2571 | D:3      | Found a basalt altar of Yredelemnul.
  2661 | D:3      | Became a worshipper of the Shining One
  2728 | D:3      | Reached XP level 5. HP: 47/47 MP: 4/4
  2807 | D:4      | Reached skill level 5 in Shields
  2836 | D:4      | Noticed Grinder
  2837 | D:4      | Paralysed by Grinder for 7 turns
  2850 | D:4      | Paralysed by Grinder for 7 turns
  2858 | D:4      | Killed Grinder
  2858 | D:4      | Reached skill level 5 in Fighting
  2858 | D:4      | Reached XP level 6. HP: 36/56 MP: 5/5
  2969 | D:5      | Entered Level 5 of the Dungeon
  4104 | D:6      | Reached XP level 7. HP: 56/61 MP: 6/6
  4221 | D:6      | Reached skill level 1 in Dodging
  4348 | D:6      | Reached skill level 5 in Maces & Flails
  4463 | D:6      | Reached * piety under the Shining One
  4771 | D:6      | Reached XP level 8. HP: 71/71 MP: 7/7
  4892 | D:6      | Found a radiant altar of Vehumet.
  4986 | D:7      | Found Wokoi's Distillery.
  4995 | D:7      | Bought a potion of might for 44 gold pieces
  4995 | D:7      | Bought a potion of curing for 33 gold pieces
  4995 | D:7      | Bought 3 potions of might for 132 gold pieces
  4995 | D:7      | Bought a potion of curing for 33 gold pieces
  5099 | D:7      | Reached ** piety under the Shining One
  5284 | D:7      | Found a staircase to the Ecumenical Temple.
  5475 | D:7      | Reached XP level 9. HP: 79/81 MP: 8/8
  5811 | D:8      | Found Kuerph's Armour Shop.
  5964 | D:8      | Found Zoegriaq's Magic Scroll Boutique.
  5976 | D:8      | Bought a scroll of enchant weapon for 97 gold pieces
  6008 | D:8      | Found Hoisseh's Distillery.
  6010 | D:8      | Bought a potion of heal wounds for 75 gold pieces
  6438 | D:8      | Found Ypie's Antique Weapon Emporium.
  6560 | D:8      | Was forgiven by Vehumet
  7086 | D:9      | Noticed a troll
  7089 | D:9      | Killed a troll
  7219 | D:9      | Noticed a stone giant
  7237 | D:9      | Killed a stone giant
  7237 | D:9      | Reached XP level 10. HP: 54/91 MP: 9/9
  7345 | D:9      | Reached *** piety under the Shining One
  7370 | D:9      | Noticed an unseen horror
  7397 | D:9      | Killed an unseen horror
  7397 | D:9      | Reached skill level 10 in Armour
  7449 | D:10     | Entered Level 10 of the Dungeon
  7453 | D:10     | Reached skill level 5 in Dodging
  7623 | D:10     | Noticed a hill giant
  7632 | D:10     | Killed a hill giant
  7632 | D:10     | Reached skill level 10 in Fighting
  7750 | D:10     | Reached skill level 10 in Shields
  7786 | D:10     | Reached **** piety under the Shining One
  7857 | D:10     | Noticed an unseen horror
  7869 | D:10     | Killed an unseen horror
  7929 | D:10     | Noticed an unseen horror
  7934 | D:10     | Killed an unseen horror
  7934 | D:10     | Reached XP level 11. HP: 97/101 MP: 10/10
  8079 | D:10     | Reached skill level 10 in Maces & Flails
  8355 | D:11     | Reached ***** piety under the Shining One
  8510 | D:11     | Noticed a hill giant
  8524 | D:11     | Killed a hill giant
  8545 | D:11     | Found a frozen archway.
  8691 | D:11     | Found Iluo's Distillery.
  8841 | D:11     | Noticed a cyan ugly thing
  8854 | D:11     | Killed a cyan ugly thing
  8986 | D:11     | Noticed Maurice
  8998 | D:11     | Killed Maurice
  9306 | D:11     | Found a staircase to the Lair.
  9473 | D:11     | Noticed a tengu warrior
  9488 | D:11     | Killed a tengu warrior
  9731 | D:12     | Found a staircase to the Orcish Mines.
 10236 | D:12     | Noticed a deep elf mage
 10242 | D:12     | Killed a deep elf mage
 10515 | D:12     | Noticed an unseen horror
 10524 | D:12     | Killed an unseen horror
 10524 | D:12     | Reached XP level 12. HP: 104/111 MP: 11/11
 10661 | D:13     | Noticed a four-headed hydra
 10676 | D:13     | Killed a four-headed hydra
 10750 | D:13     | Noticed a fire dragon
 10759 | D:13     | Noticed a centaur warrior
 11077 | D:13     | Found a flagged portal.
 11096 | Bailey   | Entered a bailey
 11319 | Bailey   | Noticed tyvek's ghost (journeyman FoFi)
 11342 | Bailey   | Killed tyvek's ghost
 11801 | D:13     | Killed a centaur warrior
 11884 | Orc:1    | Entered Level 1 of the Orcish Mines
 12039 | Orc:1    | Paralysed by an orc sorcerer for 4 turns
 12190 | Orc:1    | Noticed Fannar
 12193 | Orc:1    | Found a roughly hewn altar of Beogh.
 12286 | Orc:1    | Killed Fannar
 12882 | Orc:2    | Entered Level 2 of the Orcish Mines
 12882 | Orc:2    | Found Yssohoy's Weapon Boutique.
 12882 | Orc:2    | Found Foulank's Assorted Antiques.
 12884 | Orc:2    | Noticed an ogre mage
 13109 | Orc:1    | Reached XP level 13. HP: 46/119 MP: 8/12
 13385 | Orc:2    | Found a staircase to the Elven Halls.
 13387 | Orc:2    | Noticed Donald
 13411 | Orc:2    | Killed Donald
 14008 | Orc:1    | Identified a scroll of acquirement
 14011 | Orc:1    | Got a twisted cloak
 14022 | Orc:1    | Identified the +2 cloak of the Lobster {MR- MP+9 Int+2} (You acquired it on level 1 of the Orcish Mines)
 14027 | Orc:1    | Upgraded the game from 0.19-a0-2-g57af7d0 to 0.19-a0-4-ga5c5ac4
 14217 | Lair:1   | Entered Level 1 of the Lair of Beasts
 14566 | Lair:1   | Noticed Urug
 14600 | Lair:1   | Killed Urug
 14901 | Lair:1   | Noticed Grum
 14915 | Lair:1   | Killed Grum
 15633 | Lair:2   | Reached ****** piety under the Shining One
 15936 | Lair:2   | Reached XP level 14. HP: 132/132 MP: 13/13
 16871 | Lair:3   | Noticed Gastronok
 16887 | Lair:3   | Killed Gastronok
 16887 | Lair:3   | Reached skill level 1 in Invocations
 17540 | Lair:4   | Got a blackened scale mail
 17551 | Lair:4   | Identified the +11 scale mail of Restlessness {rC+ rN+ Regen+} (You found it on level 4 of the Lair of Beasts)
 17855 | Lair:4   | Found a dark tunnel.
 17866 | Volcano  | Entered a volcano
 17964 | Volcano  | Got a bone spear
 17994 | Volcano  | Gained mutation: Armour fits poorly on your strangely shaped body. [potion of mutation]
 17994 | Volcano  | Gained mutation: Your flesh is cold resistant. [potion of mutation]
 17994 | Volcano  | Gained mutation: You are resistant to hostile enchantments. [potion of mutation]
 17995 | Volcano  | Reached skill level 10 in Dodging
 17995 | Volcano  | Reached skill level 5 in Invocations
 17995 | Volcano  | Reached XP level 15. HP: 138/138 MP: 15/18
 17996 | Volcano  | Lost mutation: You are resistant to hostile enchantments. [potion of cure mutation]
 17996 | Volcano  | Lost mutation: Your flesh is cold resistant. [potion of cure mutation]
 17996 | Volcano  | Lost mutation: Armour fits poorly on your strangely shaped body. [potion of cure mutation]
 18392 | Lair:4   | Identified the +10 spear of Yreuf {speed, Dex+2} (You found it in a volcano)
 18967 | Lair:5   | Found a hole to the Spider Nest.
 19657 | Lair:6   | Found a staircase to the Swamp.
 20220 | Lair:7   | Noticed Nessos
 20264 | Lair:7   | Killed Nessos
 20570 | Lair:7   | Found a viscous altar of Jiyva.
 20570 | Lair:7   | Found a staircase to the Slime Pits.
 20621 | Lair:7   | Noticed Maud
 20629 | Lair:7   | Killed Maud
 20629 | Lair:7   | Reached XP level 16. HP: 134/146 MP: 21/21
 20938 | Lair:7   | You fall through a shaft!
 20938 | Lair:8   | Entered Level 8 of the Lair of Beasts
 22216 | Orc:2    | Found Aquoshroff's Armour Shoppe.
 22229 | Orc:2    | Found Sonaj's Antique Armour Shop.
 22287 | Orc:2    | Paralysed by an orc sorcerer for 6 turns
 22313 | Orc:2    | Found a roughly hewn altar of Beogh.
 22402 | Orc:2    | Reached skill level 10 in Invocations
 22477 | Orc:2    | Bought a scroll of enchant weapon for 187 gold pieces
 22477 | Orc:2    | Bought a scroll of fear for 87 gold pieces
 22477 | Orc:2    | Bought 2 potions of heal wounds for 250 gold pieces
 22477 | Orc:2    | Bought a curved brass wand for 100 gold pieces
 22526 | Orc:2    | Bought a warped plate armour for 616 gold pieces
 22536 | Orc:2    | Identified the +3 plate armour of Pathos {MR+ Dex+5} (You bought it in a shop on level 2 of the Orcish Mines)
 22589 | Orc:2    | Found a bloodstained altar of Trog.
 22772 | Elf:1    | Entered Level 1 of the Elven Halls
 22909 | Elf:1    | Noticed Frances
 22913 | Elf:1    | Noticed Azrael
 22930 | Elf:1    | Killed Frances
 22937 | Elf:1    | Killed Azrael
 22949 | Elf:1    | HP: 8/219 [fire elemental[Azrael] (4)]
 22959 | Elf:1    | HP: 10/219 [glaive of flaming (17)]
 22960 | Elf:1    | Killed from afar by a deep elf mage

Vault maps used:
D:1:      evilmike_arrival_fibonacci_small
D:2:      first_bread, ecumenical_altar_1, serial_park_tiny_2
D:3:      minitemple, hangedman_decor_riveting
D:4:      uniq_eustachio, uniq_grinder
D:5:      minmay_misc_feat_tiny, minmay_misc_feat_x, grunt_ministairs_4,
          hangedman_abyss_or_decor_stagger
D:6:      lemuel_statue_altar
D:7:      minmay_temple_entry_crystal_x, serial_shops, shop,
          minmay_misc_feat_four_crosses
D:8:      serial_shops, nicolae_shop_trees, shop, shop, kennysheep_mini
D:9:      hangedman_tell_no_tales, minmay_three_doors
D:10:     grunt_ministairs_7
D:11:     erik_lair_dragon, portal_ice_cave_entry_ice_statue_01, serial_shops,
          nicolae_shop_waterfront, hangedman_decor_peaks_small, st_stairs_11,
          uniq_maurice
D:12:     orc_0_dummy
D:13:     serial_curves, eino_curves_01, eino_curves_03, enter_bailey_7,
          grunt_potential
Lair:1:   dpeg_stationary_puzzle, uniq_urug, uniq_grum
Lair:2:   ice2_lemuel
Lair:3:   minivault_26, serial_bayou_ford_a, uniq_gastronok
Lair:4:   lightli_volcano_entry_magma_tube, grunt_megastairs_4
Lair:5:   spider_nest_entry_funnel_web, serial_forest,
          infiniplex_forest_lined_4_way, infiniplex_forest_lined_3,
          infiniplex_forest_clump_double, infiniplex_forest_clump_small,
          infiniplex_forest_lined_corner, infiniplex_forest_clump_curved,
          infiniplex_forest_end_2, infiniplex_forest_clump_medium,
          infiniplex_forest_straight_5, infiniplex_staircase_pool,
          serial_bayou_shore_a
Lair:6:   minmay_swamp_entry_swarm, beast_lair_carwin_6
Lair:7:   slime_altar_1, grunt_megastairs_1, uniq_nessos, uniq_maud
Lair:8:   minmay_lair_end_enchanted_forest
Orc:1:    nicolae_orc_accident_2, uniq_fannar
Orc:2:    st_orc_open, basic_altar, nicolae_orc_lava_tube, bloody_trog,
          uniq_donald
Elf:1:    eino_elf_arrival_customs, hangedman_elf_represent,
          serial_sigils_hangedman_snap, uniq_frances, uniq_aizul, uniq_azrael
Bailey:   bailey_polearm_5, bailey
Volcano:  volcano_pools

Skill      XL: |  1  2  3  4  5  6  7  8  9 10 11 12 13 14 15 16 |
---------------+-------------------------------------------------+-----
Armour         | 4 5 6 8 9 10 11 12 13 14 | 14.2
Shields        | 4 5 6 7 9 10 11 12 13 14 | 14.5
Fighting       | 4 5 6 7 9 10 11 12 14 | 14.2
Maces & Flails | 3 4 5 6 8 9 11 12 13 14 | 14.1
Dodging        | 2 3 4 5 6 7 8 10 12 13 | 13.9
Invocations    | 5 8 10 | 10.7

Action                   |  1- 3 |  4- 6 |  7- 9 | 10-12 | 13-15 | 16-18 || total
-------------------------+-------+-------+-------+-------+-------+-------++-------
Melee: Flail             |    97 |    98 |   321 |   871 |  1013 |   384 ||  2784
       Headbutt          |    11 |    22 |    67 |   204 |   251 |    83 ||   638
       Whip              |       |    62 |       |       |       |       ||    62
Invok: Renounce Religion |     1 |       |       |       |       |       ||     1
       Divine Shield     |       |       |     1 |     9 |     6 |     3 ||    19
       Cleansing Flame   |       |       |       |       |       |     1 ||     1
Evoke: Wand              |       |       |       |     8 |     7 |       ||    15
       Fan of gales      |       |       |       |       |       |     1 ||     1
  Use: Scroll            |       |     1 |     3 |    11 |    25 |     3 ||    43
       Potion            |       |       |     4 |    18 |    13 |    11 ||    46
  Eat: Fruit             |     2 |     1 |     6 |     1 |     2 |       ||    12
       Meat ration       |       |     1 |       |       |     2 |       ||     3
       Pizza             |       |     1 |       |       |     2 |       ||     3
       Chunk             |       |     1 |     2 |     4 |     2 |       ||     9
       Bread ration      |       |       |     1 |     3 |     1 |     2 ||     7
       Royal jelly       |       |       |       |     1 |     1 |       ||     2
       Beef jerky        |       |       |       |     1 |     2 |     1 ||     4
Armor: Scale mail        |    65 |    66 |   136 |       |   149 |   111 ||   527
       Plate armour      |       |       |    40 |   474 |   238 |    22 ||   774
       Skin              |       |       |       |       |       |    80 ||    80
Dodge: Dodged            |    50 |    42 |   107 |   306 |   332 |   204 ||  1041
Block: Shield            |    67 |    87 |   204 |   752 |   674 |   368 ||  2152
